| TOP OF THE 1ST |
|
Corpus Christi Hooks batting - Pitching for Chattanooga Lookouts : RHP Matt Springer
|
|
Pitching: RHP Matt Springer
|
|
|
Batting: RHB Antonio Gamez
|
0-0: Foul Ball, location: 2F 0-1: Ball 1-1: Ball 2-1: Ball 3-1: Ground out 5-3 (Groundball, 56, EV 81.9 MPH)
|
|
Batting: LHB Dylan LaRose
|
0-0: Called Strike 0-1: Ball 1-1: Swinging Strike 1-2: Ball 2-2: Ball 3-2: Fly out, F9 (Flyball, 9LM, EV 81.9 MPH)
|
|
Batting: RHB Paul Shell
|
0-0: Ball 1-0: Called Strike 1-1: Fly out, F9 (Flyball, 9S, EV 84.4 MPH)
|
| Top of the 1st over - 0 runs, 0 hits, 0 errors, 0 left on base; Corpus Christi 0 - Chattanooga 0 |
| BOTTOM OF THE 1ST |
|
Chattanooga Lookouts batting - Pitching for Corpus Christi Hooks : RHP Isaiah McLaurin
|
|
Pitching: RHP Isaiah McLaurin
|
|
|
Batting: LHB Marius Tadini
|
0-0: Ball 1-0: Called Strike 1-1: Ball 2-1: Swinging Strike 2-2: Strikes out looking
|
|
Batting: RHB Ruben Martinez
|
0-0: Ball 1-0: Called Strike 1-1: Fly out, F7 (Flyball, 78M, EV 78.1 MPH)
|
|
Batting: LHB Matt Robertson
|
0-0: Called Strike 0-1: Swinging Strike 0-2: Strikes out swinging
|
| Bottom of the 1st over - 0 runs, 0 hits, 0 errors, 0 left on base; Corpus Christi 0 - Chattanooga 0 |
| TOP OF THE 2ND |
|
Corpus Christi Hooks batting - Pitching for Chattanooga Lookouts : RHP Matt Springer
|
|
Batting: LHB Alexis Montoya
|
0-0: Called Strike 0-1: DOUBLE (Line Drive, 7LS, EV 101.9 MPH)
|
|
Batting: RHB Pete Isley
|
0-0: Fly out, F8 (Flyball, 8RXD, EV 91.9 MPH) Runner from 2nd tags up, SAFE at 3rd, no throw by CF
|
|
Batting: SHB Malik Whitted
|
0-0: Ball 1-0: Ball 2-0: Foul Ball, location: 2F 2-1: Ball 3-1: Base on Balls
|
|
Batting: RHB Jamie Jennings
|
0-0: Called Strike 0-1: Foul Ball, location: 2F 0-2: Grounds into double play, 4-6-3 (Groundball, 4, EV 85.0 MPH)
|
| Top of the 2nd over - 0 runs, 1 hit, 0 errors, 1 left on base; Corpus Christi 0 - Chattanooga 0 |
| BOTTOM OF THE 2ND |
|
Chattanooga Lookouts batting - Pitching for Corpus Christi Hooks : RHP Isaiah McLaurin
|
|
Batting: RHB Isaiah Easter
|
0-0: Ball 1-0: Ball 2-0: Ball 3-0: Called Strike 3-1: Base on Balls
|
|
Batting: RHB Justin Allison
|
0-0: Called Strike 0-1: Called Strike 0-2: Ball 1-2: Strikes out swinging
|
|
Batting: SHB Chris Ortiz
|
0-0: Ball 1-0: Called Strike 1-1: Ball 2-1: Grounds into double play, 4-6-3 (Groundball, 4S, EV 83.1 MPH)
|
| Bottom of the 2nd over - 0 runs, 0 hits, 0 errors, 0 left on base; Corpus Christi 0 - Chattanooga 0 |
| TOP OF THE 3RD |
|
Corpus Christi Hooks batting - Pitching for Chattanooga Lookouts : RHP Matt Springer
|
|
Batting: RHB Jim Huff
|
0-0: Foul Ball, location: 2F 0-1: Swinging Strike 0-2: Foul Ball, location: 2F 0-2: Strikes out swinging
|
|
Batting: RHB Jordan Williams
|
0-0: Ball 1-0: Called Strike 1-1: Bunted foul 1-2: Fly out, F5 (Popup, 25F, EV 45.0 MPH)
|
|
Batting: RHB Antonio Gamez
|
0-0: Called Strike 0-1: Called Strike 0-2: Ground out 3-1 (Groundball, 34, EV 77.5 MPH)
|
| Top of the 3rd over - 0 runs, 0 hits, 0 errors, 0 left on base; Corpus Christi 0 - Chattanooga 0 |
| BOTTOM OF THE 3RD |
|
Chattanooga Lookouts batting - Pitching for Corpus Christi Hooks : RHP Isaiah McLaurin
|
|
Batting: RHB Bobby Paredes
|
0-0: Ball 1-0: Ball 2-0: Foul Ball, location: 2F 2-1: Ball 3-1: Called Strike 3-2: Foul Ball, location: 2F 3-2: Strikes out swinging
|
|
Batting: RHB Julian de Reus
|
0-0: Ball 1-0: SINGLE (Groundball, 6, EV 94.4 MPH)
|
|
Batting: RHB Francisque Regras
|
0-0: Called Strike 0-1: Ball 1-1: Foul Ball, location: 2F 1-2: Ball 2-2: Ball 3-2: Strikes out swinging
|
|
Batting: LHB Marius Tadini
|
0-0: Ball 1-0: Ball 2-0: Foul Ball, location: 2F 2-1: Called Strike 2-2: Strikes out looking
|
| Bottom of the 3rd over - 0 runs, 1 hit, 0 errors, 1 left on base; Corpus Christi 0 - Chattanooga 0 |
| TOP OF THE 4TH |
|
Corpus Christi Hooks batting - Pitching for Chattanooga Lookouts : RHP Matt Springer
|
|
Batting: LHB Dylan LaRose
|
0-0: Foul Ball, location: 2F 0-1: Foul Ball, location: 2F 0-2: Ground out 6-3 (Groundball, 6, EV 108.8 MPH)
|
|
Batting: RHB Paul Shell
|
0-0: Called Strike 0-1: Called Strike 0-2: Ball 1-2: Strikes out swinging
|
|
Batting: LHB Alexis Montoya
|
0-0: Called Strike 0-1: Ground out 1-3 (Groundball, 34S, EV 68.8 MPH)
|
| Top of the 4th over - 0 runs, 0 hits, 0 errors, 0 left on base; Corpus Christi 0 - Chattanooga 0 |
| BOTTOM OF THE 4TH |
|
Chattanooga Lookouts batting - Pitching for Corpus Christi Hooks : RHP Isaiah McLaurin
|
|
Batting: RHB Ruben Martinez
|
0-0: SINGLE (Flyball, 89S, EV 86.9 MPH)
|
|
Batting: LHB Matt Robertson
|
0-0: Foul Ball, location: 2F 0-1: Called Strike 0-2: Ball 1-2: SINGLE (Groundball, 4MD, EV 105.0 MPH) Ruben Martinez to second Runner from 2nd tries for 3rd, SAFE, throw by CF made to third
|
|
Batting: RHB Isaiah Easter
|
0-0: Ball 1-0: Called Strike 1-1: Foul Ball, location: 2F 1-2: SINGLE (Flyball, 8RS, EV 88.8 MPH) Ruben Martinez scores Matt Robertson to second
|
|
Batting: RHB Justin Allison
|
0-0: Called Strike 0-1: Called Strike 0-2: Foul Ball, location: 2F 0-2: Ball 1-2: Ball 2-2: Foul Ball, location: 2F 2-2: DOUBLE (Flyball, 8LXD, EV 102.5 MPH) Matt Robertson scores Isaiah Easter to third
|
|
Batting: SHB Chris Ortiz
|
0-0: Ball 1-0: Called Strike 1-1: Called Strike 1-2: Foul Ball, location: 2F 1-2: Foul Ball, location: 2F 1-2: Foul Ball, location: 2F 1-2: Ball 2-2: Foul Ball, location: 2F 2-2: Foul Ball, location: 2F 2-2: Ball 3-2: Foul Ball, location: 2F 3-2: Foul Ball, location: 2F 3-2: Foul Ball, location: 2F 3-2: Base on Balls
|
|
Batting: RHB Bobby Paredes
|
0-0: Foul Ball, location: 2F 0-1: Called Strike 0-2: Grounds into double play, 4-6-3 (Groundball, 4, EV 90.6 MPH) Isaiah Easter scores Justin Allison to third
|
|
Batting: RHB Julian de Reus
|
0-0: Ball 1-0: Ball 2-0: Called Strike 2-1: Ball 3-1: Foul Ball, location: 2F 3-2: Ground out 2-3 (Groundball, 13S, EV 68.8 MPH)
|
| Bottom of the 4th over - 3 runs, 4 hits, 0 errors, 1 left on base; Corpus Christi 0 - Chattanooga 3 |
| TOP OF THE 5TH |
|
Corpus Christi Hooks batting - Pitching for Chattanooga Lookouts : RHP Matt Springer
|
|
Batting: RHB Pete Isley
|
0-0: Ball 1-0: Ball 2-0: Ball 3-0: Called Strike 3-1: Base on Balls
|
|
Batting: SHB Malik Whitted
|
0-0: Ball 1-0: Foul Ball, location: 2F 1-1: Swinging Strike 1-2: Ball 2-2: Ball 3-2: Base on Balls Pete Isley to second
|
|
Batting: RHB Jamie Jennings
|
0-0: Called Strike 0-1: Ball 1-1: SINGLE (Groundball, 6D, EV 103.1 MPH) Pete Isley to third Malik Whitted to second
|
|
Batting: RHB Jim Huff
|
0-0: Ball 1-0: Grounds into double play, 5-4-3 (Groundball, 56S, EV 82.5 MPH) Pete Isley scores Malik Whitted to third
|
|
Batting: RHB Jordan Williams
|
0-0: SINGLE (Groundball, 6M, EV 105.6 MPH) (infield hit) Malik Whitted scores
|
|
Batting: RHB Antonio Gamez
|
0-0: Called Strike 0-1: Ball 1-1: Foul Ball, location: 2F 1-2: Hit by Pitch Jordan Williams to second
|
|
Batting: LHB Dylan LaRose
|
0-0: Swinging Strike 0-1: Ball 1-1: Swinging Strike 1-2: Foul Ball, location: 2F 1-2: Strikes out looking
|
| Top of the 5th over - 2 runs, 2 hits, 0 errors, 2 left on base; Corpus Christi 2 - Chattanooga 3 |
| BOTTOM OF THE 5TH |
|
Chattanooga Lookouts batting - Pitching for Corpus Christi Hooks : RHP Isaiah McLaurin
|
|
Batting: RHB Francisque Regras
|
0-0: Ball 1-0: Ground out 3-1 (Groundball, 34, EV 84.4 MPH)
|
|
Batting: LHB Marius Tadini
|
0-0: Fly out, F7 (Flyball, 78M, EV 88.8 MPH)
|
|
Batting: RHB Ruben Martinez
|
0-0: Ball 1-0: DOUBLE (Flyball, 8RXD, EV 105.6 MPH)
|
|
Batting: LHB Matt Robertson
|
0-0: Fly out, F7 (Flyball, 7LS, EV 78.1 MPH)
|
| Bottom of the 5th over - 0 runs, 1 hit, 0 errors, 1 left on base; Corpus Christi 2 - Chattanooga 3 |
| TOP OF THE 6TH |
|
Corpus Christi Hooks batting - Pitching for Chattanooga Lookouts : RHP Matt Springer
|
|
Batting: RHB Paul Shell
|
0-0: Ground out 5-3 (Groundball, 56S, EV 68.1 MPH)
|
|
Batting: LHB Alexis Montoya
|
0-0: Ball 1-0: Ball 2-0: Ball 3-0: Base on Balls
|
|
Batting: RHB Pete Isley
|
0-0: SINGLE (Line Drive, 9S, EV 86.9 MPH) Alexis Montoya to second Runner from 2nd tries for 3rd, SAFE, throw by RF made to third
|
|
Batting: SHB Malik Whitted
|
0-0: Ball 1-0: Called Strike 1-1: Fly out, F7 (Flyball, 7LS, EV 74.4 MPH)
|
|
Batting: RHB Jamie Jennings
|
0-0: Swinging Strike 0-1: Called Strike 0-2: Ball 1-2: Foul Ball, location: 2F 1-2: SINGLE (Groundball, 34D, EV 104.4 MPH) (infield hit) Alexis Montoya scores Pete Isley to second
|
|
Batting: RHB Jim Huff
|
0-0: SINGLE (Groundball, 6MD, EV 95.0 MPH) Pete Isley to third Jamie Jennings to second
|
|
Batting: RHB Jordan Williams
|
0-0: Ball 1-0: Ball 2-0: Swinging Strike 2-1: Foul Ball, location: 2F 2-2: Strikes out swinging
|
| Top of the 6th over - 1 run, 3 hits, 0 errors, 3 left on base; Corpus Christi 3 - Chattanooga 3 |
| BOTTOM OF THE 6TH |
|
Chattanooga Lookouts batting - Pitching for Corpus Christi Hooks : RHP Isaiah McLaurin
|
|
Batting: RHB Isaiah Easter
|
0-0: Foul Ball, location: 2F 0-1: Ball 1-1: Called Strike 1-2: Strikes out swinging
|
|
Pitching: RHP Joe Rivin
|
|
|
Batting: RHB Justin Allison
|
0-0: Foul Ball, location: 2F 0-1: Ball 1-1: Foul Ball, location: 2F 1-2: Foul Ball, location: 2F 1-2: Ball 2-2: Strikes out swinging
|
|
Batting: SHB Chris Ortiz
|
0-0: Ball 1-0: Called Strike 1-1: Ground out U3 (Groundball, 3, EV 81.9 MPH)
|
| Bottom of the 6th over - 0 runs, 0 hits, 0 errors, 0 left on base; Corpus Christi 3 - Chattanooga 3 |
| TOP OF THE 7TH |
|
Corpus Christi Hooks batting - Pitching for Chattanooga Lookouts : RHP Matt Springer
|
|
Batting: RHB Antonio Gamez
|
0-0: Ball 1-0: Ball 2-0: Fly out, F8 (Line Drive, 8LM, EV 90.6 MPH)
|
|
Batting: LHB Dylan LaRose
|
0-0: Ball 1-0: Called Strike 1-1: Ground out 5-3 (Groundball, 56, EV 86.9 MPH)
|
|
Batting: RHB Paul Shell
|
0-0: Ball 1-0: Called Strike 1-1: Foul Ball, location: 2F 1-2: Foul Ball, location: 2F 1-2: Ball 2-2: Ball 3-2: SINGLE (Groundball, 6S, EV 68.8 MPH) (infield hit)
|
|
Pitching: RHP Rich Nunez
|
|
|
Batting: LHB Alexis Montoya
|
0-0: Ball Wild Pitch! Paul Shell to second 1-0: Ball 2-0: DOUBLE (Line Drive, 9LM, EV 106.9 MPH) Paul Shell scores
|
|
Batting: RHB Pete Isley
|
0-0: Called Strike 0-1: Called Strike 0-2: Foul Ball, location: 2F 0-2: Foul Ball, location: 2F 0-2: Ball 1-2: Fly out, F9 (Flyball, 9LS, EV 84.4 MPH)
|
| Top of the 7th over - 1 run, 2 hits, 0 errors, 1 left on base; Corpus Christi 4 - Chattanooga 3 |
| BOTTOM OF THE 7TH |
|
Chattanooga Lookouts batting - Pitching for Corpus Christi Hooks : RHP Joe Rivin
|
|
Pitching: RHP Greg Ritchie
|
|
|
Batting: RHB Bobby Paredes
|
0-0: Ball 1-0: Ground out 6-3 (Groundball, 6, EV 81.9 MPH)
|
|
Pinch Hitting: LHB Armando Rendon
|
0-0: Foul Ball, location: 2F 0-1: Called Strike 0-2: Ball 1-2: Foul Ball, location: 2F 1-2: Ball 2-2: Ground out 5-3 (Groundball, 6, EV 93.8 MPH)
|
|
Batting: RHB Francisque Regras
|
0-0: Called Strike 0-1: Foul Ball, location: 2F 0-2: Strikes out swinging, 2-3 out at first.
|
| Bottom of the 7th over - 0 runs, 0 hits, 0 errors, 0 left on base; Corpus Christi 4 - Chattanooga 3 |
| TOP OF THE 8TH |
|
Corpus Christi Hooks batting - Pitching for Chattanooga Lookouts : RHP Rich Nunez
|
|
Now at 2B: Bobby Paredes
|
|
|
Now at 3B: Armando Rendon
|
|
|
Batting: SHB Malik Whitted
|
0-0: Called Strike 0-1: Ball 1-1: Fly out, F3 (Popup, 23F, EV 78.1 MPH)
|
|
Batting: RHB Jamie Jennings
|
0-0: Ball 1-0: Ball 2-0: Ball 3-0: Base on Balls
|
|
Batting: RHB Jim Huff
|
0-0: Ball 1-0: Called Strike 1-1: Grounds into double play, 5-4-3 (Groundball, 56S, EV 85.6 MPH)
|
| Top of the 8th over - 0 runs, 0 hits, 0 errors, 0 left on base; Corpus Christi 4 - Chattanooga 3 |
| BOTTOM OF THE 8TH |
|
Chattanooga Lookouts batting - Pitching for Corpus Christi Hooks : RHP Greg Ritchie
|
|
Pitching: RHP John Zike
|
|
|
Pinch Hitting: RHB J.J. Powers
|
0-0: Ball 1-0: Ball 2-0: Foul Ball, location: 2F 2-1: SINGLE (Line Drive, 7S, EV 89.4 MPH)
|
|
Batting: RHB Ruben Martinez
|
0-0: Sac Bunt to 2L - play at first, batter OUT! 2-4 J.J. Powers to second
|
|
Batting: LHB Matt Robertson
|
0-0: Called Strike 0-1: Ball 1-1: Swinging Strike 1-2: Strikes out looking
|
|
Batting: RHB Isaiah Easter
|
0-0: Swinging Strike 0-1: Ball 1-1: Foul Ball, location: 2F 1-2: Fly out, F8 (Flyball, 8LXD, EV 104.4 MPH)
|
| Bottom of the 8th over - 0 runs, 1 hit, 0 errors, 1 left on base; Corpus Christi 4 - Chattanooga 3 |
| TOP OF THE 9TH |
|
Corpus Christi Hooks batting - Pitching for Chattanooga Lookouts : RHP Rich Nunez
|
|
Now in LF: Kozo Kanamori
|
|
|
Pinch Hitting: LHB Daniel Lopez
|
0-0: Ball 1-0: DOUBLE (Flyball, 7LD, EV 97.5 MPH)
|
|
Batting: RHB Antonio Gamez
|
0-0: Ball 1-0: Swinging Strike 1-1: Called Strike 1-2: Foul Ball, location: 2F 1-2: Strikes out swinging
|
|
Batting: LHB Dylan LaRose
|
0-0: Called Strike 0-1: SINGLE (Groundball, 34D, EV 93.8 MPH) Daniel Lopez to third Runner from 3rd tries for Home, SAFE, throw by RF to home
|
|
Batting: RHB Paul Shell
|
0-0: Ball 1-0: Called Strike 1-1: Ball 2-1: Ball 3-1: Fly out, F9 (Flyball, 9, EV 90.0 MPH)
|
|
Batting: LHB Alexis Montoya
|
0-0: Ball Dylan LaRose is caught stealing 2nd base 2-6
|
| Top of the 9th over - 1 run, 2 hits, 0 errors, 0 left on base; Corpus Christi 5 - Chattanooga 3 |
| BOTTOM OF THE 9TH |
|
Chattanooga Lookouts batting - Pitching for Corpus Christi Hooks : RHP John Zike
|
|
Pitching: LHP Aaron Gilmore
|
|
|
Now in RF: Chris McGrath
|
|
|
Batting: RHB Justin Allison
|
0-0: Fly out, F9 (Line Drive, 9D, EV 97.5 MPH)
|
|
Batting: SHB Chris Ortiz
|
0-0: Called Strike 0-1: Called Strike 0-2: Ball 1-2: Ball 2-2: Ground out 2-3 (Groundball, 2L, EV 67.5 MPH)
|
|
Batting: RHB Bobby Paredes
|
0-0: Foul Ball, location: 2F 0-1: Called Strike 0-2: Strikes out swinging
|
| Bottom of the 9th over - 0 runs, 0 hits, 0 errors, 0 left on base; Corpus Christi 5 - Chattanooga 3 |
|